 Dungeon Crawl Stone Soup version 0.28.0-53-g5a82cb258f (webtiles) character file.

Game seed: 10718223577571995092

56 issech the Chopper (level 3, -1/33 HPs)
             Began as a Minotaur Monk on June 11, 2022.
             Slain by a goblin
             ... wielding a +0 club
             ... led by Robin
              (5 damage)
             ... on level 2 of the Dungeon.
             The game lasted 00:03:11 (1754 turns).

issech the Chopper (Minotaur Monk)                  Turns: 1754, Time: 00:03:11

Health: -1/33      AC:  5    Str: 15    XL:     3   Next: 71%
Magic:  2/2        EV: 12    Int:  7    God:
Gold:   50         SH:  0    Dex: 14    Spells: 2/2 levels left

rFire   . . .      SeeInvis .   h - +2 dagger (elec)
rCold   + . .      Faith    .   (no shield)
rNeg    . . .      Spirit   .   c - +0 ring mail
rPois   .          Reflect  .   (helmet restricted)
rElec   .          Harm     .   (no cloak)
rCorr   .          Rampage  .   (no gloves)
Will    .....                   (no boots)
Stlth   +.........              (no amulet)
HPRegen 0.11/turn               i - ring of protection from cold
MPRegen 0.08/turn               (no ring)

@: no status effects
A: horns 2, retaliatory headbutt
a: no special abilities


You were on level 2 of the Dungeon.
You visited 1 branch of the dungeon, and saw 2 of its levels.

You collected 50 gold pieces.

Inventory:

Hand Weapons
 a - a +0 hand axe
 h - a +2 dagger of electrocution (weapon)
Missiles
 d - 5 stones (quivered)
Armour
 b - a +0 robe
 c - a +0 ring mail (worn)
Magical Staves
 f - a staff of cold
Jewellery
 i - a ring of protection from cold (left hand)
Scrolls
 g - a scroll of identify {unknown}
 k - a scroll of magic mapping {unknown}
Potions
 e - a potion of magic {unknown}
 j - a potion of degeneration {unknown}


   Skills:
 + Level 4.1 Fighting
 + Level 4.6 Axes
 + Level 1.0 Armour
 + Level 3.6 Dodging
 + Level 2.0 Stealth


You had 2 spell levels left.
You didn't know any spells.
Your spell library was empty.

Dungeon Overview and Level Annotations

Branches:
Dungeon (2/15)

Altars:

Shops:
D:1 ?

Annotations:
D:2 Robin


Innate Abilities, Weirdness & Mutations

You have a pair of horns on your head.
You reflexively headbutt those who attack you in melee.


Message History

The hobgoblin barely misses you.
You hit the hobgoblin.
Lightning courses through the hobgoblin!!
You kill the hobgoblin!
A goblin comes into view. It is wielding a +0 dagger.
The orc closely misses you. Robin throws the goblin at you!
The goblin hits you with a +0 club.
You hit the goblin but do no damage. The orc barely misses you.
The goblin hits you with a +0 club.
You hit the goblin.
The goblin is heavily wounded.
The orc hits you but does no damage. The goblin barely misses you.
You barely miss the goblin.
The goblin is heavily wounded.
The orc hits you but does no damage. The goblin closely misses you.
You hit the goblin.
You kill the goblin!
The orc misses you. Robin throws the goblin at you!
You hit the goblin.
The goblin is severely wounded.
The goblin hits you with a +0 club. The orc completely misses you.
You hit the goblin.
You kill the goblin!
The orc hits you from afar with a +0 trident.
The orc hits you with a +0 trident. Robin closely misses you.
Items here: ( )))))))) [[[ ÷÷ ††.
You hit the orc but do no damage. The orc hits you with a +0 trident.
* * * LOW HITPOINT WARNING * * *
Robin throws the goblin at you!
You miss the goblin. You headbutt the goblin.
You kill the goblin!
The orc hits you with a +0 trident.
* * * LOW HITPOINT WARNING * * *
Robin says, "Kneel, worm!"
Robin throws the goblin at you!
* * * LOW HITPOINT WARNING * * *
You closely miss the goblin.
The hobgoblin no longer looks unusually strong.
The goblin hits you with a +0 club.
You die...

### ###.##.# #g#.##.#
#@#.##.####
#######o#........
......ggg.....###
.######.g........ #
.######...###.#####.##
...........>..........
.######...#....#.##..#
#...#...........
#...#..g.#.##..#


You could see Robin, an orc, 2 hobgoblins and 2 goblins.

Vanquished Creatures
  An adder (D:1)
  4 orcs (D:2)
  7 bats
  A giant cockroach (D:1)
  7 goblins
  4 hobgoblins
  2 jackals (D:1)
  4 kobolds (D:1)
  2 quokkas (D:1)
  3 ball pythons (D:1)
  A frilled lizard (D:1)
  A rat (D:1)
37 creatures vanquished.

Notes
Turn   | Place    | Note
-------+----------+-------------------------------------------
     0 | D:1      | issech the Minotaur Monk began the quest for the Orb.
     0 | D:1      | Reached XP level 1. HP: 19/19 MP: 0/0
     2 | D:1      | Noticed a naga
     2 | D:1      | Noticed a gargoyle
     4 | D:1      | Noticed a demonspawn
     6 | D:1      | Noticed a ghoul
     8 | D:1      | Noticed a demigod
     8 | D:1      | Noticed a vampire
    10 | D:1      | Noticed an elf
    12 | D:1      | Noticed a felid
    12 | D:1      | Noticed an octopode
    14 | D:1      | Noticed a draconian
    16 | D:1      | Noticed a troll
    16 | D:1      | Noticed an ogre
    18 | D:1      | Noticed a spriggan
    20 | D:1      | Noticed a vine stalker
    20 | D:1      | Noticed a dwarf
    22 | D:1      | Noticed a merfolk
    22 | D:1      | Noticed a tengu
    24 | D:1      | Noticed a human
    24 | D:1      | Noticed a minotaur
    26 | D:1      | Noticed a formicid
   257 | D:1      | Reached XP level 2. HP: 18/27 MP: 1/1
   415 | D:1      | Found Kogose's Magic Scroll Emporium.
  1239 | D:2      | Reached XP level 3. HP: 33/33 MP: 2/2
  1257 | D:2      | Noticed Robin
  1397 | D:2      | Reached skill level 1 in Armour
  1754 | D:2      | Slain by a goblin

Illustrated notes

Levels and vault maps discovered:
D:1:      kb_arrival_jail, layout_loops_ring, serial_shops, shop, st_stairs_5,
          minmay_misc_feat_cross
D:2:      layout_basic, ebering_ecumenical_altar_hall, basic_altar, uniq_robin

Skill      XL: |  1  2  3 |
---------------+----------+-----
Axes           | 4 |  4.6
Armour         | 1 |  1.0
Fighting       | 4 |  4.1
Stealth        | 2 |  2.0
Dodging        | |  3.6

Action                   || total
-------------------------++-------
Melee: Hand axe          ||    63
       Headbutt          ||    10
       Dagger            ||    43
       Punch             ||     1
Throw: Stone             ||     1
 Stab: Sleeping          ||     1
Armor: Ring mail         ||    55
       Robe              ||     2
Dodge: Dodged            ||    90
